 Dungeon Crawl Stone Soup version 0.29.1-1-gd02db69 (webtiles) character file.

Game seed: 17385549273939066319

394 Dorkslayer the Covered (level 6, -6/53 HPs)
             Began as a Hill Orc Fighter on Oct 23, 2022.
             Mangled by an ice beast (14 damage)
             ... on level 5 of the Dungeon.
             The game lasted 00:06:29 (4244 turns).

Dorkslayer the Covered (Hill Orc Fighter)           Turns: 4244, Time: 00:06:30

Health: -6/53      AC:  9    Str: 27    XL:     6   Next: 82%
Magic:  6/6        EV: 10    Int: 14    God:
Gold:   186        SH:  4    Dex: 10    Spells: 5/5 levels left

rFire   . . .      SeeInvis .   a - +0 long sword
rCold   . . .      Faith    .   c - +0 buckler
rNeg    + . .      Spirit   .   t - +2 scale mail {rN+}
rPois   .          Reflect  .   (no helmet)
rElec   .          Harm     .   (no cloak)
rCorr   .          Rampage  .   (no gloves)
Will    .....                   (no boots)
Stlth   ..........              (no amulet)
HPRegen 0.17/turn               j - +6 ring of strength
MPRegen 0.10/turn               q - +6 ring of intelligence

@: no status effects
A: sturdy frame 1
a: no special abilities


You were on level 5 of the Dungeon.
You visited 1 branch of the dungeon, and saw 5 of its levels.

You collected 186 gold pieces.

Inventory:

Hand Weapons
 a - a +0 long sword (weapon)
Missiles
 n - a boomerang (quivered)
Armour
 c - a +0 buckler (worn)
 t - a +2 scale mail of positive energy (worn)
 u - a +0 chain mail
Jewellery
 j - a +6 ring of strength (left hand)
 q - a +6 ring of intelligence (right hand)
Wands
 b - a wand of flame (9)
Scrolls
 e - a scroll of teleportation {unknown}
 f - a scroll of acquirement {unknown}
 g - 2 scrolls of blinking {unknown}
 h - a scroll of noise {unknown}
 i - 2 scrolls of identify {unknown}
 k - 2 scrolls of vulnerability {unknown}
 p - a scroll of fog {unknown}
 r - 2 scrolls of enchant weapon {unknown}
 s - 2 scrolls of fear {unknown}
Potions
 d - 2 potions of might
 l - a potion of berserk rage {unknown}
 m - a potion of mutation
 o - a potion of attraction {unknown}


   Skills:
 + Level 4.4 Fighting
 + Level 4.5 Long Blades
 + Level 4.7 Armour
 * Level 2.0 Dodging
 + Level 0.2 Stealth
 + Level 4.3 Shields
 * Level 1.2 Evocations


You had 5 spell levels left.
You didn't know any spells.
Your spell library contained the following spells:

 Spells                   Type           Power      Damage    Failure   Level
 Magic Dart               Conj           0%         1d3       52%         1
 Sandblast                Erth           0%         2d4       52%         1
 Passwall                 Tmut/Erth      0%         N/A       67%         2
 Searing Ray              Conj           0%         2d4       67%         2
 Gell's Gravitas          Tloc           0%         N/A       88%         3
 Lesser Beckoning         Tloc           0%         N/A       88%         3
 Stone Arrow              Conj/Erth      0%         3d7       88%         3
 Teleport Other           Tloc           0%         N/A       88%         3
 Corpse Rot               Necr/Pois/Air  0%         N/A       99%         4
 Dispel Undead            Necr           0%         3d6       99%         4
 Fulminant Prism          Conj/Hex       0%         3d6       99%         4
 Death Channel            Necr           0%         N/A       100%        6


Dungeon Overview and Level Annotations

Branches:
Dungeon (5/15)
 Temple: D:4-7

Altars:
Elyvilon

Shops:
D:3 ?


Innate Abilities, Weirdness & Mutations

Your movements are slightly less encumbered by armour. (ER -2)


Message History

You block the hound's attack.
You barely miss the hound.
The hound is heavily wounded.
The hound bites you. x2
You slash the hound!
You kill the hound!
You closely miss the ice beast. The ice beast closely misses you.
The ice beast hits you but does no damage.
You hit the ice beast.
The ice beast is lightly wounded.
The ice beast closely misses you.
You closely miss the ice beast.
The ice beast is lightly wounded.
The ice beast hits you but does no damage.
You hit the ice beast.
The ice beast is moderately wounded.
The ice beast barely misses you.
You barely miss the ice beast.
The ice beast is moderately wounded.
The ice beast misses you.
The ice beast hits you but does no damage.
You barely miss the ice beast.
The ice beast is moderately wounded.
The ice beast closely misses you.
You hit the ice beast but do no damage.
The ice beast is moderately wounded.
The ice beast hits you. The ice beast freezes you!
You hit the ice beast but do no damage.
The ice beast is moderately wounded.
The ice beast hits you. The ice beast freezes you!
* * * LOW HITPOINT WARNING * * *
You slash the ice beast!
The ice beast is heavily wounded.
The ice beast hits you but does no damage.
You closely miss the ice beast.
The ice beast is heavily wounded.
The ice beast completely misses you. The ice beast hits you.
* * * LOW HITPOINT WARNING * * *
The ice beast freezes you!
You die...

#.#######.# #.# #...#
#####.# #...###
#...#.## #...+.#
#..##..# #...#.#
#......####...#.##
#................#
#..########...#..###
#.........+...Y@...#
#..########...####.#
#.....<............#
###.######.............
#.######.###########.
#.#>..... #.#.#....
#.#....# #.#....#


You could see an ice beast.

Vanquished Creatures
  A phantom (D:5)
  A scorpion (D:4)
  A hound (D:5)
  Ijyb (D:4)
  An iguana (D:5)
  Natasha (thrice) (D:4)
  3 gnolls (D:4)
  An ufetubus (D:4)
  A worm (D:2)
  A dart slug (D:3)
  3 orcs (D:3)
  7 endoplasms
  4 giant cockroaches
  4 goblins
  6 hobgoblins
  2 jackals (D:4)
  5 quokkas
  9 ball pythons
  5 bats
  3 frilled lizards (D:1)
  5 kobolds
  7 rats
74 creatures vanquished.

Notes
Turn   | Place    | Note
-------+----------+-------------------------------------------
     0 | D:1      | Dorkslayer the Hill Orc Fighter began the quest for the
                  | Orb.
     0 | D:1      | Reached XP level 1. HP: 19/19 MP: 1/1
   290 | D:1      | Reached XP level 2. HP: 23/27 MP: 2/2
   976 | D:1      | Reached XP level 3. HP: 33/33 MP: 3/3
  1570 | D:2      | Found a faded altar of an unknown god.
  2269 | D:3      | Reached XP level 4. HP: 17/40 MP: 4/4
  2450 | D:3      | Found Tiysa's Magic Scroll Emporium.
  2720 | D:3      | Reached skill level 1 in Dodging
  2967 | D:4      | Noticed Natasha
  2986 | D:4      | Killed Natasha
  3208 | D:4      | Reached XP level 5. HP: 37/46 MP: 5/5
  3276 | D:4      | Noticed Ijyb
  3282 | D:4      | Noticed Natasha
  3288 | D:4      | Killed Ijyb
  3298 | D:4      | Killed Natasha
  3323 | D:4      | Gained mutation: Your movements are slightly less
                  | encumbered by armour. (ER -2) [potion of mutation]
  3325 | D:4      | Noticed Natasha
  3341 | D:4      | Killed Natasha
  3400 | D:4      | Found a white marble altar of Elyvilon.
  3495 | D:4      | Reached XP level 6. HP: 22/52 MP: 6/6
  3924 | D:5      | Entered Level 5 of the Dungeon
  4116 | D:5      | Reached skill level 1 in Evocations
  4216 | D:5      | Noticed an ice beast
  4244 | D:5      | Mangled by an ice beast

Illustrated notes

Levels and vault maps discovered:
D:1:      lightli_arrival_statuegarden, layout_loops_cross, minmay_hexomino_u4
D:2:      layout_basic, shapermc_ecumenical_altar_petra
D:3:      layout_basic, serial_shops, nicolae_square_shop
D:4:      layout_rooms, elyvilon_altar_1, mrwooster_statue_mirror, uniq_natasha,
          uniq_ijyb
D:5:      layout_basic, zin_scriptorium, minmay_temple_entry_tees

Skill      XL: |  1  2  3  4  5  6 |
---------------+-------------------+-----
Fighting       | 4 |  4.4
Long Blades    | 3 4 |  4.5
Dodging        | 1 2 |  2.0
Shields        | 4 |  4.3
Armour         | 4 |  4.7
Evocations     | 1 |  1.2
Stealth        | |  0.2

Action                   |  1- 3 |  4- 6 || total
-------------------------+-------+-------++-------
Melee: Long sword        |   170 |   163 ||   333
  Use: Potion            |       |     2 ||     2
Armor: Scale mail        |    76 |    66 ||   142
Dodge: Dodged            |    69 |    93 ||   162
Block: Buckler           |    47 |    35 ||    82
